 Dungeon Crawl Stone Soup version 0.32-a0-898-g7811c86cf0 (webtiles) character file.

Game seed: 14860635605317227784

25 jestert79 the Shooter (level 2, -2/21 HPs)
             Began as a Demonspawn Hexslinger on Apr 4, 2024.
             Slain by Natasha (6 damage)
             ... on level 1 of the Dungeon.
             The game lasted 00:01:10 (622 turns).

jestert79 the Shooter (Demonspawn Hexslinger)        Turns: 622, Time: 00:01:11

Health: -2/21      AC:  2    Str:  8    XL:     2   Next: 86%
Magic:  3/3        EV: 11    Int: 13    God:
Gold:   73         SH:  4    Dex: 15    Spells: 1/3 levels left

rFire   . . .        a - +1 sling
rCold   . . .        (no shield)
rNeg    . . .        c - +0 robe
rPois   .            (no helmet)
rElec   .            (no cloak)
rCorr   .            (no gloves)
SInv    .            (no boots)
Will    .....        f - amulet of magic regeneration
Stlth   +            (no ring)
HPRegen 0.23/turn    (no ring)
MPRegen 0.48/turn

%: no passive effects
@: slowed, very slow
A: condensation shield
a: no special abilities


You were on level 1 of the Dungeon.
You visited 1 branch of the dungeon, and saw 2 of its levels.

You collected 73 gold pieces.

Inventory:

Hand Weapons
 a - a +1 sling (weapon)
 d - a +0 short sword
Armour
 c - a +0 robe (worn)
Jewellery
 f - an amulet of magic regeneration (around neck)
Scrolls
 b - a scroll of poison
Potions
 e - a potion of brilliance {unknown}
 g - 3 potions of heal wounds {unknown}


   Skills:
 - Level 1.0 Fighting
 * Level 3.1 Ranged Weapons
 - Level 1.7 Dodging
 - Level 1.0 Spellcasting
 + Level 3.0 Hexes
 - Level 0.8 Fire Magic


You had one spell level left.
You knew the following spells:

 Your Spells              Type           Power      Damage    Failure   Level
a - Jinxbite              Hex            16%        N/A       12%         2

Your spell library contained the following spells:

 Spells                   Type           Power      Damage    Failure   Level
 Sigil of Binding         Hex            8%         N/A       24%         3
 Inner Flame              Hex/Fire       5%         N/A       36%         3
 Cause Fear               Hex            4%         N/A       63%         4
 Dimensional Bullseye     Hex/Tloc       2%         N/A       83%         4


Dungeon Overview and Level Annotations

Branches:
Dungeon (2/15)

Altars:

Annotations:
D:1 Natasha


Innate Abilities, Weirdness & Mutations

A meltable shield of frost defends you. (SH +4)


Message History

Unknown command.
You shoot a sling bullet. The sling bullet barely misses Natasha.
The sling bullet closely misses the bat.
Natasha barely misses you.
Unknown command.
You shoot a sling bullet.
The sling bullet closely misses Natasha.
The sling bullet barely misses the bat.
The cerulean imp hits you from afar with a +1 spear.
Natasha closely misses you.
Unknown command.
The cerulean imp hits you from afar with a +1 spear.
Natasha casts a spell at you.
You feel yourself slow down.
You climb upwards.
The cerulean imp disappears in a puff of smoke!
There is a stone staircase leading down here.
You shoot a sling bullet.
The sling bullet closely misses Natasha.
You block Natasha's attack. Natasha barely misses you.
You shoot a sling bullet. The sling bullet hits Natasha.
Natasha is heavily wounded.
You block Natasha's attack. Natasha barely misses you.
You shoot a sling bullet. The sling bullet barely misses Natasha.
Natasha claws you. Natasha claws you!
* * * LOW HITPOINT WARNING * * *
You shoot a sling bullet.
The sling bullet hits Natasha but does no damage.
Natasha is heavily wounded.
Natasha misses you.
You shoot a sling bullet. The sling bullet barely misses Natasha.
Natasha claws you.
* * * LOW HITPOINT WARNING * * *
Natasha barely misses you.
Unknown command.
You shoot a sling bullet. The sling bullet hits Natasha.
Natasha is severely wounded.
Natasha claws you.
You die...
Natasha curls up and begins to purr.

###########
#############.........#
...............h.(....#
#############...@.....#
####.######
################.#
..............##.#
############.#...#
###### ##.#.### #....#
#..#.# ####....# #.##.#
........# #.##.#


You could see Natasha.

Vanquished Creatures
  2 dart slugs (D:1)
  A bat (D:2)
  2 endoplasms (D:1)
  A giant cockroach (D:1)
  A goblin (D:1)
  2 hobgoblins
  2 jackals (D:1)
  2 kobolds (D:1)
  A quokka (D:1)
  4 frilled lizards (D:1)
  2 rats (D:1)
20 creatures vanquished.

Notes
Turn   | Place    | Note
-------+----------+-------------------------------------------
     0 | D:1      | jestert79 the Demonspawn Hexslinger began the quest for the
                  | Orb.
     0 | D:1      | Reached XP level 1. HP: 15/15 MP: 2/2
    14 | D:1      | Found Qimp's Weapon Shop.
   116 | D:1      | Gained mutation: A meltable shield of frost defends you.
                  | (SH +4) [demonic ancestry]
   116 | D:1      | Reached XP level 2. HP: 18/21 MP: 3/3
   580 | D:1      | Learned a level 2 spell: Jinxbite
   606 | D:2      | Noticed Natasha
   622 | D:1      | Slain by Natasha

Illustrated notes

Levels and vault maps discovered:
D:1:      roderic_crossed_star, layout_rooms, serial_shops,
          nicolae_shop_tiny_glass, dreamdust_princess_corridor, feat_on_display
D:2:      layout_loops_ring, hellmonk_ecumenical_altar_pennies_from_heaven,
          minmay_divided_ellipse, uniq_natasha

Skill      XL: |  1  2 |
---------------+-------+-----
Ranged Weapons | 2 3 |  3.1
Fighting       | |  1.0
Dodging        | |  1.7
Spellcasting   | |  1.0
Hexes          | |  3.0
Fire Magic     | |  0.8

Action                     || total
---------------------------++-------
   Fire: Sling             ||    67
 Armour: Robe              ||    13
  Dodge: Dodged            ||    14
  Block: Other             ||     3

Table legend: (Time is in decaauts)
 A = Elapsed time spent in this place.
 B = Non-inter-level travel time spent in this place.
 C = Inter-level travel time spent in this place.
 D = Time resting spent in this place.
 E = Time spent auto-exploring this place.
 F = Levels seen in this place.
 G = Mean time per level.
                   A        B        C        D        E       F      G
               +--------+--------+--------+--------+--------+-----+--------+
         Total |    643 |    620 |     23 |      0 |    492 |   2 |  321.5 |
       Dungeon |    643 |    620 |     23 |      0 |    492 |   2 |  321.5 |
               +--------+--------+--------+--------+--------+-----+--------+

Top non-repeatable levels by time:
     D:1: 627 daAuts
     D:2: 15 daAuts
